 Dungeon Crawl Stone Soup version 0.31-a0-210-gccc998df9b (webtiles) character file.

Game seed: 4320768981425107042

65 ytrimaz the Grave Robber (level 3, -1/24 HPs)
             Began as a Mummy Necromancer on June 30, 2023.
             Killed from afar by an orc wizard (10 damage)
             ... with a magic dart
             ... on level 3 of the Dungeon.
             The game lasted 00:03:36 (2659 turns).

ytrimaz the Grave Robber (Mummy Necromancer)        Turns: 2659, Time: 00:03:36

Health: -1/24      AC:  9    Str: 17    XL:     3   Next: 94%
Magic:  4/7        EV: 12    Int: 16    God:
Gold:   139        SH:  0    Dex: 12    Spells: 4/8 levels left

rFire   x . .        b - staff of death
rCold   + . .        (no shield)
rNeg    + + +        a - +1 robe
rPois   ∞            (no helmet)
rElec   .            h - +2 cloak
rCorr   .            k - +0 pair of gloves
SInv    .            g - +1 pair of boots
Will    .....        (no amulet)
Stlth   +            i - +6 ring of strength
HPRegen 0.24/turn    (no ring)
MPRegen 0.10/turn

%: faith
@: confused
A: cold resistance 1, negative energy resistance 3, torment resistance 2, heat
vulnerability 1, in touch with death 1, no potions, faith
a: no special abilities


You were on level 3 of the Dungeon.
You visited 1 branch of the dungeon, and saw 3 of its levels.

You collected 139 gold pieces.


Innate Abilities, Weirdness & Mutations

You are immune to poison.
Your flesh is cold resistant. (rC+)
You are immune to negative energy. (rN+++)
You are immune to unholy pain and torment.
You are vulnerable to heat. (rF-)
You are in touch with the powers of death.
You do not drink.
You have a special connection with the divine. (Faith)


   Skills:
 * Level 2.7 Dodging
 - Level 1.5 Stealth
 + Level 3.4 Spellcasting
 + Level 4.4 Necromancy


You had 4 spell levels left.
You knew the following spells:

 Your Spells              Type           Power      Damage    Failure   Level
a - Necrotise             Necr           100%       1d9       3%          1
b - Vampiric Draining     Necr           38%        2d8       9%          3

Your spell library contained the following spells:

 Spells                   Type           Power      Damage    Failure   Level
 Apportation              Tloc           4%         N/A       19%         1
 Summon Small Mammal      Summ           8%         N/A       19%         1
 Animate Dead             Necr           38%        N/A       28%         4
 Tukima's Dance           Hex            2%         N/A       47%         3
 Passage of Golubria      Tloc           2%         N/A       87%         4
 Agony                    Necr           38%        N/A       63%         5
 Yara's Violent Unravell  Hex/Tmut       1%         3d3       99%         5

Inventory:

Armour
 a - a +1 robe (worn)
 g - a +1 pair of boots (worn)
   (You found it on level 2 of the Dungeon)
 h - a +2 cloak (worn)
   (You found it on level 2 of the Dungeon)
 k - a +0 pair of gloves (worn)
   (You found it on level 3 of the Dungeon)
Magical Staves
 b - a staff of death (weapon)
   (You found it on level 1 of the Dungeon)
Jewellery
 i - a +6 ring of strength (left hand)
   (You took it off a kobold on level 2 of the Dungeon)
Scrolls
 c - 2 scrolls of enchant armour
 d - a scroll of revelation {unknown}
 e - 3 scrolls of identify {unknown}
 f - a scroll of brand weapon {unknown}
 j - 3 scrolls of teleportation {unknown}

Dungeon Overview and Level Annotations

Branches:
Dungeon (3/15) Zot: 15338

Altars:
Sif Muna

Shops:
D:1 : ..# ..# Bo.

#S# # ### #S#.. ..#
#{#.# #.# #{#.# #.#
#######@#.### #.#
.......)Z...#
#.######
######....#.#
#.##...##
#.....#.###.#.....#
##................#
##.#########.....#
#.# ##...## #.#
####.#### #+#
#.......#


You could see an adder, an orc, a giant cockroach, a ball python and an orc
skeleton.


Message History

An orc comes into view. It is wielding a +0 hand axe. 😎 MP[+2]
You regained 2 mp, and now have 6/7 mp.
An orc is nearby!
An orc is nearby!
You swap places.
The orc hits your ball python skeleton with a +0 hand axe.
Your ball python skeleton completely misses the orc.
Your ball python skeleton misses the orc. 😎 MP[+1]
Your mp is fully restored (7).
You can't see any susceptible monsters within range! (Use Z to cast anyway.)
You can't see any susceptible monsters within range! (Use Z to cast anyway.)
An orc wizard comes into view. It is wielding a +0 dagger.
The orc wizard shouts!
The orc hits your ball python skeleton with a +0 hand axe.
Your ball python skeleton is destroyed!
An orc wizard comes into view. It is wielding a +0 dagger.
An orc comes into view. It is wielding a +0 flail.
The orc hits your kobold skeleton with a +0 hand axe.
The orc wizard casts a spell.
The orc wizard flickers and vanishes!
Deactivating autopickup; reactivate with Ctrl-A.
Things that are here:
a +0 hand axe; a +0 ring mail; 12 gold pieces You swap places.
A giant cockroach comes into view.
The orc closely misses you.
You feel a strong surge of power!
The orc writhes in agony!
You kill the orc!
The dead are walking!
An adder comes into view.
You hear some strange, mumbled words.
Something tries to affect you, but you resist. 😎 MP[-1]
You lost 1 mp, and now have 6/7 mp.
You feel a strong surge of power!
Something writhes in agony! 😎 MP[-1]
You lost 1 mp, and now have 5/7 mp.
You feel a strong surge of power!
Something writhes in agony.
The giant cockroach waves its antennae. 😎 MP[-1]
You lost 1 mp, and now have 4/7 mp.
You feel a strong surge of power!
Nothing appears to happen.
You hear some strange, mumbled words.
You are confused. 😎 MP[-1]
You lost 1 mp, and now have 3/7 mp.
Unknown command.
You're too confused to cast spells.
Unknown command.
You're too confused to cast spells.
Are you sure you want to stumble around while confused and next to your orc skeleton? [Y]es or [N]o only, please.
Are you sure you want to stumble around while confused and next to your orc skeleton?
Okay, then.
Something hits you.
A ball python comes into view. 😕 HP[-4]
You take 4 damage, and now have 20/24 hp.
The orc wizard casts a spell at you. Something hits you but does no damage.
Unknown command.
Something hits you.
The orc wizard gestures at you while chanting.
You hear some strange, mumbled words.
You are more confused.
Your kobold skeleton crumbles into dust!
A puff of flame appears from out of thin air!
The puff of flame hits you! The fire burns you terribly!
Ouch! That really hurt!
* * * LOW HITPOINT WARNING * * *
The orc wizard gestures at you while chanting.
You hear some strange, mumbled words.
You are more confused. 😨 HP[-12] MP[+1]
You take 12 damage, and now have 8/24 hp.
MASSIVE DAMAGE!! (PAUSE)
You are too confused!
Are you sure you want to stumble around while confused and next to your orc skeleton?
Okay, then.
Are you sure you want to stumble around while confused and next to your orc skeleton? [Y]es or [N]o only, please.
Are you sure you want to stumble around while confused and next to your orc skeleton?
You barely miss your orc skeleton. Something hits you but does no damage.
The orc skeleton closely misses you.
Something hits you but does no damage. 😨 HP[+1]
You bump into the rock wall.
Something barely misses you.
The orc wizard casts a spell.
The orc wizard flickers and vanishes!
Unknown command.
You closely miss the orc skeleton.
The orc skeleton hits you but does no damage.
Something hits you but does no damage.
You bump into the rock wall.
The orc skeleton hits you but does no damage.
You hear some strange, mumbled words.
A magic dart appears from out of thin air!
The magic dart hits you!
You die...

Skill      XL: |  1  2 |
---------------+-------+-----
Dodging        | 2 |  2.7
Spellcasting   | 3 |  3.4
Stealth        | |  1.5
Necromancy     | |  4.4

Action                     || total
---------------------------++-------
  Melee: Staff             ||    13
   Cast: Necrotise         ||    92
    Use: Scroll            ||     1
 Armour: Robe              ||    23
  Dodge: Dodged            ||    26

Levels and vault maps discovered:
D:1:      lemuel_arrival_funnel, layout_basic, serial_shops,
          nicolae_shop_getting_attention, hex_medium, chequers_arboretum,
          minmay_curled_crystal
D:2:      layout_loops_corners, serial_aquarium, aquarium_bridge_island_small
          [aquarium_subvault_small_water, aquarium_subvault_balcony,
          aquarium_subvault_bridge, aquarium_subvault_balcony,
          aquarium_subvault_window], aquarium_window_fake, aquarium_window_1,
          aquarium_window_1, aquarium_view_2c, aquarium_balcony_5b,
          aquarium_pool_five, basic_altar
D:3:      layout_loops_corners, mainiacjoe_overflow_six_doors_small,
          lexackson_kobold_supper

Notes
Turn   | Place    | Note
-------+----------+-------------------------------------------
     0 | D:1      | ytrimaz the Mummy Necromancer began the quest for the Orb.
     0 | D:1      | Reached XP level 1. HP: 13/13 MP: 4/4
     0 | D:1      | magus.rc [v1.9.6]
    82 | D:1      | Found Deidehi's Book Shop.
   349 | D:1      | Reached XP level 2. HP: 19/19 MP: 2/5
   494 | D:1      | Reached skill level 2 in Dodging
   528 | D:1      | Reached skill level 3 in Spellcasting
   530 | D:1      | You pick up a book of Cantrips and begin reading...
   530 | D:1      | You add the spells Summon Small Mammal and Apportation to
                  | your library.
   721 | D:1      | You add the spells Tukima's Dance, Passage of Golubria and
                  | Yara's Violent Unravelling to your library.
  1168 | D:2      | Gained mutation: You are in touch with the powers of death.
                  | [Mummy growth]
  1168 | D:2      | Reached XP level 3. HP: 24/24 MP: 5/7
  1172 | D:2      | Learned a level 3 spell: Vampiric Draining
  1723 | D:2      | Found a shimmering blue altar of Sif Muna.
  2659 | D:3      | Killed from afar by an orc wizard

Vanquished Creatures
  2 adders (D:2)
  2 worms
  A dart slug (D:2)
  An orc (D:3)
  3 endoplasms
  4 goblins
  6 hobgoblins
  4 kobolds
  2 quokkas (D:2)
  3 ball pythons
  4 bats
  A frilled lizard (D:2)
  4 rats
37 creatures vanquished.

Table legend:
 A = Non-vault XP
 B = Vault XP
 C = Vault XP percentage of total XP
 D = Non-vault monster count
 E = Vault monster count
 F = Vault count percentage of total count
                 A         B        C        D         E       F
            +---------+---------+-------+---------+---------+-------
      Total |      94 |       0 |   0.0 |      37 |       0 |   0.0
            +---------+---------+-------+---------+---------+-------
        D:1 |      19 |       0 |   0.0 |      11 |       0 |   0.0
        D:2 |      58 |       0 |   0.0 |      19 |       0 |   0.0
        D:3 |      17 |       0 |   0.0 |       7 |       0 |   0.0
            +---------+---------+-------+---------+---------+-------

Skill      XL: |  1  2 |
---------------+-------+-----
Dodging        | 2 |  2.7
Spellcasting   | 3 |  3.4
Stealth        | |  1.5
Necromancy     | |  4.4

Action                     || total
---------------------------++-------
  Melee: Staff             ||    13
   Cast: Necrotise         ||    92
    Use: Scroll            ||     1
 Armour: Robe              ||    23
  Dodge: Dodged            ||    26

Illustrated notes

Table legend:
 A = Kills in this place as a percentage of kills in the entire game.
 B = Kills by you in this place as a percentage of kills by you in the entire game.
 C = Kills by friends in this place as a percentage of kills by friends in the entire game.
 D = Other kills in this place as a percentage of other kills in the entire game.
 E = Experience gained in this place as a percentage of experience gained in the entire game.
 F = Experience gained in this place divided by the number of levels of this place that you have seen.
                   A       B       C       D       E      F
               +-------+-------+-------+-------+-------+----------------------
         Total | 100.0 | 100.0 |   N/A |   N/A | 100.0 |  31.3
       Dungeon | 100.0 | 100.0 |   N/A |   N/A | 100.0 |  31.3
               +-------+-------+-------+-------+-------+----------------------

Table legend: (Time is in decaauts)
 A = Elapsed time spent in this place.
 B = Non-inter-level travel time spent in this place.
 C = Inter-level travel time spent in this place.
 D = Time resting spent in this place.
 E = Time spent auto-exploring this place.
 F = Levels seen in this place.
 G = Mean time per level.
                   A        B        C        D        E       F      G
               +--------+--------+--------+--------+--------+-----+--------+
         Total |   2660 |   2612 |     48 |     29 |   2177 |   3 |  886.7 |
       Dungeon |   2660 |   2612 |     48 |     29 |   2177 |   3 |  886.7 |
               +--------+--------+--------+--------+--------+-----+--------+

Top non-repeatable levels by time:
     D:2: 1496 daAuts
     D:1: 777 daAuts
     D:3: 385 daAuts
